General information
- name: BNet
- type: Ladder team game (AT/RT)
- host: Battle.net
- saver: UWereOnTheList
map: Deadlock
- players: 8
- length: 29:12
- speed: Fast
- version: 1.27 W3XP
- replay type: Public
» download(219 KB)
Players
team 1 (winner)
virgin-noob (
green | 103 APM | 3002 actions | 29:12)
6 Paladin
3 Holy Light
2 Devotion Aura
1 Resurrection
5 Archmage
3 Blizzard
2 Brilliance Aura
5 Mountain King
3 Storm Bolt
2 Bash
» actions
| Assign group hotkey | 62 | |
| Basic commands | 348 | |
| Build / train | 177 | |
| ESC pressed | 3 | |
| Enter build submenu | 33 | |
| Enter hero's abilities submenu | 17 | |
| Give item / drop item | 7 | |
| Remove unit from queue | 1 | |
| Right click | 984 | |
| Select / deselect | 485 | |
| Select group hotkey | 729 | |
| Use ability | 156 | |
3002 total
» units
| Peasant | 34 | |
| Footman | 8 | |
| Dragonhawk Rider | 4 | |
| Knight | 2 | |
| Flying Machine | 9 | |
| Spell Breaker | 8 | |
| Gryphon Rider | 9 | |
74 total
» upgrades
| Masonry | 2 | |
| Defend | 1 | |
| Lumber Harvesting | 1 | |
| Cloud | 1 | |
| Animal War Training | 1 | |
| Flak Cannons | 1 | |
| Swords | 2 | |
| Gunpowder | 1 | |
| Storm Hammers | 1 | |
11 total
» buildings
| Altar of Kings | 1 | |
| Barracks | 1 | |
| Farm | 12 | |
| Scout Tower | 8 | |
| Arcane Tower | 4 | |
| Town Hall | 1 | |
| Lumber Mill | 1 | |
| Arcane Vault | 1 | |
| Guard Tower | 14 | |
| Keep | 2 | |
| Castle | 1 | |
| Gryphon Aviary | 2 | |
| Blacksmith | 1 | |
| Workshop | 1 | |
| Arcane Sanctum | 1 | |
51 total
» build order
00:13 Altar of Kings
00:18 Barracks
00:36 Farm
00:58 Farm
01:37 Scout Tower
02:05 Arcane Tower
02:05 Arcane Tower
03:14 Town Hall
03:30 Scout Tower
03:31 Scout Tower
03:38 Lumber Mill
03:42 Arcane Vault
04:45 Guard Tower
04:45 Guard Tower
04:45 Guard Tower
05:02 Scout Tower
05:03 Scout Tower
05:12 Farm
05:20 Scout Tower
05:33 Guard Tower
05:33 Guard Tower
06:06 Keep
06:16 Arcane Tower
06:17 Arcane Tower
06:25 Guard Tower
06:26 Guard Tower
07:10 Farm
07:10 Farm
07:52 Scout Tower
07:56 Scout Tower
08:30 Guard Tower
08:31 Castle
10:18 Gryphon Aviary
10:19 Gryphon Aviary
10:23 Farm
10:32 Blacksmith
12:39 Guard Tower
12:46 Guard Tower
12:59 Farm
14:19 Workshop
14:22 Arcane Sanctum
15:27 Farm
15:28 Farm
17:27 Farm
17:28 Farm
24:01 Farm
» items
| Boots of Speed | 1 | |
| Circlet of Nobility | 1 | |
| Scroll of Regeneration | 6 | |
| Lesser Clarity Potion | 1 | |
| Potion of Healing | 4 | |
| Scroll of Town Portal | 2 | |
| Orb of Fire | 2 | |
| Ivory Tower | 3 | |
| Staff of Sanctuary | 1 | |
21 total

»
Copula (
blue | 35 APM | 1033 actions | 29:12)
6 Priestess of the Moon
2 Searing Arrows
3 Trueshot Aura
1 Starfall
» actions
| Build / train | 83 | |
| Enter build submenu | 17 | |
| Enter hero's abilities submenu | 7 | |
| Right click | 411 | |
| Select / deselect | 463 | |
| Use ability | 52 | |
1033 total
» units
| Wisp | 24 | |
| Archer | 18 | |
| Hippogryph | 18 | |
60 total
» upgrades
| Strength of the Moon | 3 | |
| Moon Armor | 3 | |
| Improved Bows | 1 | |
| Hippogryph Taming | 1 | |
| Strength of the Wild | 3 | |
| Marksmanship | 1 | |
| Well Spring | 1 | |
| Reinforced Hides | 1 | |
14 total
» buildings
| Altar of Elders | 1 | |
| Moon Well | 7 | |
| Ancient of War | 2 | |
| Hunter's Hall | 1 | |
| Ancient of Wonders | 1 | |
| Tree of Ages | 1 | |
| Tree of Life | 1 | |
| Ancient of Wind | 2 | |
| Tree of Eternity | 1 | |
17 total
» build order
00:06 Altar of Elders
00:10 Moon Well
00:59 Ancient of War
01:40 Moon Well
02:26 Ancient of War
03:16 Moon Well
04:22 Hunter's Hall
04:26 Ancient of Wonders
05:09 Moon Well
05:33 Moon Well
05:50 Tree of Ages
07:10 Tree of Life
08:13 Ancient of Wind
08:15 Ancient of Wind
10:25 Moon Well
12:07 Tree of Eternity
17:52 Moon Well
samuriajack (
pink | 32 APM | 944 actions | 29:12)
2 Blood Mage
1 Flame Strike
1 Banish
1 Archmage
1 Summon Water Elemental
» actions
| Build / train | 144 | |
| Enter build submenu | 33 | |
| Enter hero's abilities submenu | 3 | |
| Remove unit from queue | 1 | |
| Right click | 402 | |
| Select / deselect | 313 | |
| Use ability | 48 | |
944 total
» units
| Peasant | 22 | |
| Footman | 35 | |
| Rifleman | 40 | |
| Priest | 4 | |
| Knight | 8 | |
| Spell Breaker | 1 | |
110 total
» upgrades
| Long Rifles | 1 | |
| Lumber Harvesting | 1 | |
| Swords | 4 | |
| Gunpowder | 3 | |
| Armor | 2 | |
| Plating | 3 | |
| Sorceress Training | 1 | |
| Magic Sentry | 1 | |
| Animal War Training | 1 | |
17 total
» buildings
| Altar of Kings | 1 | |
| Farm | 13 | |
| Barracks | 3 | |
| Lumber Mill | 1 | |
| Keep | 2 | |
| Scout Tower | 6 | |
| Arcane Tower | 7 | |
| Town Hall | 2 | |
| Blacksmith | 2 | |
| Arcane Sanctum | 1 | |
| Arcane Vault | 1 | |
| Castle | 2 | |
41 total
» build order
00:11 Altar of Kings
00:18 Farm
00:42 Barracks
01:04 Lumber Mill
01:56 Farm
01:59 Farm
02:56 Keep
03:35 Farm
05:22 Scout Tower
05:30 Farm
05:56 Farm
06:13 Arcane Tower
06:23 Farm
06:27 Barracks
07:48 Town Hall
08:01 Barracks
08:28 Blacksmith
09:54 Farm
10:02 Farm
10:33 Farm
10:36 Farm
10:40 Farm
10:44 Farm
11:03 Blacksmith
11:10 Scout Tower
11:38 Arcane Sanctum
11:39 Arcane Tower
11:46 Scout Tower
12:24 Arcane Tower
12:28 Scout Tower
12:49 Scout Tower
13:01 Arcane Vault
13:16 Scout Tower
13:19 Arcane Tower
13:19 Arcane Tower
13:43 Arcane Tower
15:18 Arcane Tower
17:08 Castle
24:00 Keep
26:24 Castle
27:58 Town Hall

»
Wanderson.Cruz (
red | 84 APM | 2458 actions | 29:12)
6 Dark Ranger
2 Black Arrow
3 Silence
1 Charm
4 Keeper of the Grove
2 Entangling Roots
2 Thorns Aura
4 Naga Sea Witch
2 Frost Arrows
2 Forked Lightning
» actions
| Assign group hotkey | 50 | |
| Build / train | 92 | |
| Enter build submenu | 18 | |
| Enter hero's abilities submenu | 14 | |
| Remove unit from queue | 7 | |
| Right click | 1718 | |
| Select / deselect | 434 | |
| Select group hotkey | 25 | |
| Use ability | 100 | |
2458 total
» units
| Wisp | 16 | |
| Archer | 4 | |
| Druid of the Talon | 5 | |
| Druid of the Claw | 7 | |
| Dryad | 8 | |
40 total
» upgrades
| Ultravision | 1 | |
| Strength of the Wild | 3 | |
| Reinforced Hides | 1 | |
| Strength of the Moon | 1 | |
| Druid of the Claw Training | 2 | |
| Abolish Magic | 1 | |
| Mark of the Claw | 1 | |
10 total
» buildings
| Moon Well | 5 | |
| Ancient of War | 1 | |
| Altar of Elders | 1 | |
| Hunter's Hall | 1 | |
| Ancient Protector | 5 | |
| Tree of Ages | 3 | |
| Ancient of Wonders | 1 | |
| Ancient of Wind | 1 | |
| Tree of Eternity | 3 | |
| Ancient of Lore | 2 | |
23 total
» build order
00:13 Moon Well
01:08 Ancient of War
01:14 Moon Well
01:22 Altar of Elders
02:33 Hunter's Hall
03:40 Ancient Protector
03:43 Ancient Protector
03:47 Ancient Protector
04:11 Tree of Ages
04:11 Tree of Ages
04:11 Tree of Ages
05:15 Moon Well
06:26 Ancient of Wonders
06:52 Ancient of Wind
07:50 Ancient Protector
07:57 Tree of Eternity
07:57 Tree of Eternity
08:03 Ancient of Lore
08:07 Ancient of Lore
08:14 Moon Well
11:38 Moon Well
13:29 Ancient Protector
» items
| Lesser Clarity Potion | 1 | |
| Scroll of Town Portal | 1 | |
2 total
team 2 (loser)
UWereOnTheList (
purple | 71 APM | 2066 actions | 29:12)
9 Death Knight
3 Death Coil
3 Unholy Aura
1 Animate Dead
2 Death Pact
» actions
| Assign group hotkey | 170 | |
| Basic commands | 41 | |
| Build / train | 108 | |
| Enter build submenu | 26 | |
| Enter hero's abilities submenu | 9 | |
| Remove unit from queue | 1 | |
| Right click | 937 | |
| Select / deselect | 344 | |
| Select group hotkey | 318 | |
| Use ability | 112 | |
2066 total
» units
| Acolyte | 8 | |
| Ghoul | 3 | |
| Crypt Fiend | 3 | |
| Gargoyle | 18 | |
| Necromancer | 3 | |
| Abomination | 3 | |
38 total
» upgrades
| Creature Attack | 3 | |
| Creature Carapace | 3 | |
| Stone Form | 1 | |
| Unholy Strength | 2 | |
| Unholy Armor | 2 | |
| Burrow | 1 | |
| Web | 1 | |
| Necromancer Training | 2 | |
| Skeletal Longevity | 1 | |
| Skeletal Mastery | 1 | |
| Disease Cloud | 1 | |
18 total
» buildings
| Crypt | 6 | |
| Ziggurat | 16 | |
| Altar of Darkness | 1 | |
| Graveyard | 1 | |
| Tomb of Relics | 1 | |
| Halls of the Dead | 1 | |
| Nerubian Tower | 1 | |
| Necropolis | 2 | |
| Black Citadel | 1 | |
| Spirit Tower | 10 | |
| Temple of the Damned | 2 | |
| Slaughterhouse | 1 | |
43 total
» build order
00:08 Crypt
00:11 Ziggurat
00:13 Crypt
00:34 Altar of Darkness
01:02 Graveyard
01:49 Ziggurat
02:03 Tomb of Relics
03:02 Ziggurat
04:17 Halls of the Dead
05:40 Nerubian Tower
05:43 Necropolis
05:47 Crypt
06:57 Ziggurat
06:58 Ziggurat
10:24 Black Citadel
10:25 Spirit Tower
11:22 Spirit Tower
11:23 Ziggurat
11:24 Ziggurat
11:33 Ziggurat
16:38 Ziggurat
16:38 Ziggurat
16:39 Ziggurat
16:40 Ziggurat
16:40 Ziggurat
16:43 Spirit Tower
16:45 Ziggurat
16:45 Ziggurat
16:45 Ziggurat
19:20 Crypt
19:20 Crypt
19:21 Crypt
20:06 Temple of the Damned
20:07 Temple of the Damned
21:00 Slaughterhouse
24:03 Necropolis
26:23 Spirit Tower
26:36 Spirit Tower
26:36 Spirit Tower
26:36 Spirit Tower
26:37 Spirit Tower
27:16 Spirit Tower
» items
| Rod of Necromancy | 1 | |
| Scroll of Town Portal | 6 | |
| Potion of Healing | 5 | |
| Healing Salve | 3 | |
| Lesser Clarity Potion | 4 | |
| Potion of Mana | 3 | |
| Periapt of Vitality | 1 | |
| Potion of Lesser Invulnerability | 2 | |
| Scroll of Healing | 1 | |
| Scroll of Protection | 1 | |
| Orb of Corruption | 1 | |
28 total

»
zoosklyfe (
yellow | 38 APM | 1113 actions | 28:59)
6 Blademaster
3 Wind Walk
2 Critical Strike
1 Bladestorm
4 Shadow Hunter
2 Healing Wave
2 Hex
» actions
| Build / train | 72 | |
| Enter build submenu | 28 | |
| Enter hero's abilities submenu | 10 | |
| Remove unit from queue | 2 | |
| Right click | 604 | |
| Select / deselect | 336 | |
| Use ability | 61 | |
1113 total
» units
| Peon | 22 | |
| Grunt | 5 | |
| Shaman | 6 | |
| Tauren | 10 | |
43 total
» upgrades
| Melee Weapons | 3 | |
| Armor | 2 | |
| Shaman Training | 2 | |
7 total
» buildings
| Altar of Storms | 1 | |
| Orc Burrow | 8 | |
| Voodoo Lounge | 1 | |
| Barracks | 1 | |
| War Mill | 1 | |
| Stronghold | 1 | |
| Spirit Lodge | 1 | |
| Fortress | 1 | |
| Great Hall | 1 | |
| Watch Tower | 8 | |
| Tauren Totem | 2 | |
26 total
» build order
00:19 Altar of Storms
00:25 Orc Burrow
00:48 Voodoo Lounge
01:38 Barracks
01:59 Orc Burrow
02:44 War Mill
04:10 Stronghold
06:33 Orc Burrow
06:38 Orc Burrow
06:50 Spirit Lodge
07:19 Fortress
07:41 Great Hall
08:06 Watch Tower
09:17 Orc Burrow
10:03 Watch Tower
10:24 Tauren Totem
11:19 Watch Tower
11:49 Orc Burrow
12:09 Watch Tower
12:58 Orc Burrow
13:32 Watch Tower
13:46 Orc Burrow
14:41 Watch Tower
15:13 Tauren Totem
16:09 Watch Tower
17:20 Watch Tower
» items
| Healing Salve | 2 | |
| Lesser Clarity Potion | 2 | |
| Scroll of Speed | 1 | |
| Orb of Lightning | 1 | |
6 total

»
tenderlyfe (
orange | 42 APM | 1218 actions | 28:54)
2 Blademaster
1 Wind Walk
1 Critical Strike
3 Shadow Hunter
2 Healing Wave
1 Hex
» actions
| Build / train | 83 | |
| Enter build submenu | 19 | |
| Enter hero's abilities submenu | 5 | |
| Remove unit from queue | 9 | |
| Right click | 734 | |
| Select / deselect | 303 | |
| Use ability | 65 | |
1218 total
» units
| Peon | 11 | |
| Grunt | 10 | |
| Troll Headhunter/Berserker | 13 | |
34 total
» upgrades
| Armor | 3 | |
| Melee Weapons | 2 | |
| Berserker Strength | 1 | |
| Ranged Weapons | 3 | |
| Berserker Upgrade | 1 | |
| Spiked Barricades | 0 | |
10 total
» buildings
| Altar of Storms | 1 | |
| Orc Burrow | 6 | |
| Voodoo Lounge | 3 | |
| Barracks | 2 | |
| Stronghold | 2 | |
| War Mill | 1 | |
| Watch Tower | 1 | |
| Fortress | 1 | |
| Great Hall | 2 | |
19 total
» build order
00:09 Altar of Storms
00:13 Orc Burrow
00:23 Voodoo Lounge
01:31 Barracks
02:38 Orc Burrow
03:59 Orc Burrow
05:21 Barracks
06:04 Stronghold
06:14 War Mill
06:52 Orc Burrow
08:03 Watch Tower
10:05 Fortress
10:56 Orc Burrow
12:00 Great Hall
15:21 Voodoo Lounge
15:35 Voodoo Lounge
20:07 Great Hall
20:50 Orc Burrow
» items
| Lesser Clarity Potion | 3 | |
| Healing Salve | 2 | |
| Scroll of Speed | 3 | |
| Potion of Healing | 2 | |
| Potion of Mana | 1 | |
| Orb of Lightning | 1 | |
| Scroll of Town Portal | 6 | |
18 total
cards60 (
teal | 23 APM | 672 actions | 29:12)
7 Shadow Hunter
3 Healing Wave
1 Serpent Ward
2 Hex
1 Big Bad Voodoo
» actions
| Basic commands | 23 | |
| Build / train | 102 | |
| Enter build submenu | 17 | |
| Enter hero's abilities submenu | 7 | |
| Remove unit from queue | 2 | |
| Right click | 313 | |
| Select / deselect | 167 | |
| Use ability | 41 | |
672 total
» units
| Peon | 16 | |
| Grunt | 6 | |
| Troll Headhunter/Berserker | 4 | |
| Shaman | 5 | |
| Tauren | 17 | |
| Wind Rider | 23 | |
71 total
» upgrades
| Pillage | 1 | |
| Melee Weapons | 3 | |
| Armor | 3 | |
| Ranged Weapons | 2 | |
| Spiked Barricades | 2 | |
| Shaman Training | 2 | |
| Berserker Strength | 1 | |
| Troll Regeneration | 1 | |
| Berserker Upgrade | 1 | |
| Pulverize | 1 | |
| Envenomed Spears | 1 | |
| Reinforced Defenses | 1 | |
19 total
» buildings
| Orc Burrow | 8 | |
| Altar of Storms | 1 | |
| Barracks | 1 | |
| War Mill | 1 | |
| Great Hall | 1 | |
| Stronghold | 1 | |
| Watch Tower | 1 | |
| Fortress | 1 | |
| Spirit Lodge | 1 | |
| Tauren Totem | 1 | |
| Beastiary | 1 | |
18 total
» build order
00:29 Orc Burrow
01:00 Altar of Storms
01:16 Barracks
01:35 War Mill
02:12 Orc Burrow
03:09 Orc Burrow
04:35 Orc Burrow
05:54 Great Hall
06:17 Stronghold
07:03 Watch Tower
09:08 Fortress
09:16 Spirit Lodge
10:38 Orc Burrow
11:51 Tauren Totem
13:10 Orc Burrow
16:21 Orc Burrow
16:38 Beastiary
18:09 Orc Burrow
Chat log
(00:13 / Allies) zoosklyfe: ugh sorry guys
(10:36 / Allies) UWereOnTheList: get a shop teal
(12:39 / All) UWereOnTheList: serves me right for trying to aim tp
(15:55 / Allies) zoosklyfe: b
(15:56 / Allies) zoosklyfe: b
(17:41 / Allies) UWereOnTheList: move
(17:42 / Allies) UWereOnTheList: move
(17:42 / Allies) UWereOnTheList: move
(17:43 / Allies) UWereOnTheList: move
(17:44 / Allies) UWereOnTheList: move
(17:46 / Allies) UWereOnTheList: move
(17:47 / Allies) tenderlyfe: im omw
(17:48 / Allies) UWereOnTheList: MOVE
(17:55 / Allies) zoosklyfe: okokokok
(18:18 / Allies) UWereOnTheList: dude turn off your fucking porn
(19:39 / Allies) zoosklyfe: counter?
(19:48 / Allies) UWereOnTheList: yeah
(22:34 / All) UWereOnTheList: focus my hero more scrub
(22:56 / Allies) UWereOnTheList: fight teal
(22:58 / Allies) UWereOnTheList: wtf you doing
(24:04 / Allies) UWereOnTheList: lumber
(24:12 / Allies) UWereOnTheList: lumber guys
(24:17 / All) virgin-noob: drop hack?
(25:08 / Allies) UWereOnTheList: back up
(25:24 / Allies) UWereOnTheList: back up
(25:54 / All) UWereOnTheList: not even upgraded burrows
(26:03 / Allies) zoosklyfe: lol no aa
(26:08 / Allies) UWereOnTheList: I told you back up man
(26:18 / Allies) UWereOnTheList: I would have tped but tehre was nothing htere
(27:02 / Allies) UWereOnTheList: I take it you gave the worst players the gold
(27:19 / Allies) zoosklyfe: didnt have shit
(27:48 / Allies) UWereOnTheList: tp after my towers die
(28:07 / Allies) zoosklyfe: useless
(28:09 / All) virgin-noob: squishy gargs
(28:28 / All) UWereOnTheList: teal is sitting there 10 feet away
(28:29 / All) UWereOnTheList: lol
(29:11 / All) UWereOnTheList: I whs I had unsummoned like 30 minutes ago when I knew my team were retards